 Dungeon Crawl Stone Soup version 0.32-a0-441-gaf4921d101 (webtiles) character file.

Game seed: 10400955449666477490

7973 Essalna the Fighter (level 11, -4/103 HPs)
             Began as a Grey Draconian Conjurer on Feb 23, 2024.
             Was an Initiate of Vehumet.
             Slain by a two-headed ogre
             ... wielding a +0 giant club
              (8 damage)
             ... on level 10 of the Dungeon.
             The game lasted 00:25:40 (12172 turns).

Essalna the Fighter (Grey Draconian Conjurer)      Turns: 12172, Time: 00:25:41

Health: -4/103     AC: 11    Str: 12    XL:     11   Next: 3%
Magic:  5/17       EV: 12    Int: 23    God:    Vehumet [......]
Gold:   532        SH:  0    Dex:  9    Spells: 11/18 levels left

rFire   + + +        D - +9 war axe of the Globe {drain, ^Contam rF+++ rCorr Str+2}
rCold   . . .        (no shield)
rNeg    . . .        (body armour unavailable)
rPois   .            (helmet restricted)
rElec   .            h - scarf {shadows}
rCorr   +            (no gloves)
SInv    .            a - +0 pair of boots
Will    .....        (no amulet)
Stlth   ++           I - ring of flight
HPRegen 0.37/turn    (no ring)
MPRegen 0.15/turn

%: no passive effects
@: corroded, flying
A: AC +12, amphibious, unfitting armour, cold-blooded
a: Renounce Religion


You were on level 10 of the Dungeon.
You worshipped Vehumet.
Vehumet was noncommittal.
You visited 2 branches of the dungeon, and saw 11 of its levels.

You collected 532 gold pieces.

Inventory:

Hand Weapons
 e - a +0 dagger
 z - a +0 short sword of electrocution
 D - the +9 war axe of the Globe (weapon) {drain, ^Contam rF+++ rCorr Str+2}
   (You took it off a wight on level 8 of the Dungeon)

   Str+2:     It affects your strength (+2).
   rF+++:     It renders you almost immune to fire.
   ^Contam:   It causes magical contamination when unequipped.
   rCorr:     It protects you from acid and corrosion.
Armour
 a - a +0 pair of boots (worn)
 h - a scarf of shadows (worn)
Jewellery
 g - a ring of fire
 I - a ring of flight (left hand)
Wands
 q - a wand of mindburst (1)
 u - a wand of polymorph (17)
 w - a wand of iceblast (9)
 x - a wand of flame (6)
 C - a wand of light (7)
Scrolls
 c - 3 scrolls of vulnerability
 n - 2 scrolls of torment
 p - 3 scrolls of immolation
 r - a scroll of poison {unknown}
 s - 3 scrolls of fog
 y - 2 scrolls of identify
 A - a scroll of amnesia {unknown}
 B - 2 scrolls of blinking {unknown}
 E - a scroll of silence {unknown}
 G - a scroll of enchant weapon {unknown}
 J - a scroll of teleportation
Potions
 b - a potion of haste {unknown}
 d - a potion of berserk rage {unknown}
 f - a potion of curing {unknown}
 i - 3 potions of attraction
 j - a potion of lignification {unknown}
 k - 2 potions of brilliance {unknown}
 l - a potion of degeneration {unknown}
 t - 2 potions of invisibility
 v - 5 potions of heal wounds {unknown}
 F - a potion of ambrosia {unknown}
 H - a potion of might {unknown}


   Skills:
 + Level 11.6 Fighting
 - Level 1.7 Dodging
 - Level 1.7 Stealth
 - Level 4.0 Spellcasting
 + Level 10.1 Conjurations
 - Level 9.0 Alchemy


You had 11 spell levels left.
You knew the following spells:

 Your Spells              Type           Power      Damage    Failure   Level
a - Magic Dart            Conj           100%       1d8       1%          1
b - Searing Ray           Conj           100%       2d8       1%          2
c - Fulminant Prism       Conj/Alch      24%        3d12      1%          4

Your spell library contained the following spells:

 Spells                   Type           Power      Damage    Failure   Level
 Iskenderun's Mystic Bla  Conj/Tloc      27%        2d7       13%         4
 Call Imp                 Summ           8%         N/A       16%         2
 Sublimation of Blood     Necr           4%         N/A       16%         2
 Summon Hydra             Summ           2%         N/A       100%        7


Dungeon Overview and Level Annotations

Branches:
Dungeon (10/15)            Temple (1/1) D:6
   Lair: D:8-11         Orc: D:9-12

Altars:
Ashenzari
Cheibriados
Elyvilon
Fedhas
Gozag
Kikubaaqudgha
Makhleb
Nemelex Xobeh
Okawaru
Qazlal
Ru
Sif Muna
Trog
Uskayaw
Vehumet
Wu Jian
Xom
Yredelemnul
Zin
The Shining One


Innate Abilities, Weirdness & Mutations

Your dull iron-grey scales are very hard. (AC +12)
You are amphibious.
You cannot fit into any form of body armour.
You are cold-blooded and may be slowed by cold attacks.


Message History

The acid dragon spits acid at you. The splash of acid hits you! You resist.
The gnoll sergeant hits you but does no damage.
A two-headed ogre comes into view. It is wielding two +0 giant clubs.
The gnoll sergeant closely misses you.
The two-headed ogre shouts in stereo!
The gnoll sergeant blocks your attack.
You tail-slap the gnoll sergeant, but do no damage.
The gnoll sergeant is severely wounded.
The gnoll sergeant hits you with a +3 spear!
* * * LOW HITPOINT WARNING * * *
The gnoll sergeant hits you with a +3 spear.
* * * LOW HITPOINT WARNING * * *
The acid dragon spits acid at you. The splash of acid hits you! You resist.
* * * LOW HITPOINT WARNING * * *
The acid corrodes you!
The gnoll sergeant hits you from afar with a +3 spear.
* * * LOW HITPOINT WARNING * * *
As you read the scroll of fear, it crumbles to dust.
You assume a fearsome visage.
The acid dragon looks frightened!
The gnoll sergeant looks frightened!
You feel yourself speed up.
The two-headed ogre attacks as it pursues you!
The two-headed ogre misses you.
The two-headed ogre hits you with a +0 giant club!
* * * LOW HITPOINT WARNING * * *
2 killer bees come into view.
The killer bee buzzes angrily. x2; You hear an angry buzzing noise. x3
A killer bee comes into view.
As you read the scroll labelled HIGHEF AFYKKI, it crumbles to dust.
You feel aware of your surroundings.
It was a scroll of revelation.
A killer bee comes into view.
Okay, then.
Unknown command.
As you read the scroll labelled GAKKUS VYIMO, it crumbles to dust.
The creatures around you are filled with an inner flame!
It was a scroll of immolation.
The two-headed ogre hits you with a +0 giant club!
You die...

.####..))# **,,,,,,,,,,,,,,,,,
.## #..#.# **,,,,,,,,,,,,,,,,
..###..#.########......*,,,,,,,,,
#..##..#..#######.#####***,,,,,,*
##..#..#..#######.##### *,,,,,**
##....#...######.##### **,,,**
##..#.............##### *,,** *
..###..........O...[### *,,****
.####..........#@..y.###***,,,**,
## #..........##yy.....##,,***,,,
.###.........###....#)...,** ***,
......#......##...<...#,,** **
.#...##......##..#.......* **
###..#...##.....#####y..#* *, #
##...#####....######..#* *, #
##..## #.##.## **..*** **,
###...# #####.## **,*#*,****,*


You could see a two-headed ogre (inner flame) and 4 killer bees.

Vanquished Creatures
  3 two-headed ogres
  Joseph (D:7)
  Jeremiah (D:6)
  Grinder (D:5)
  Prince Ribbit (D:7)
  Sigmund (D:3)
  A wyvern (D:9)
  A wraith (D:10)
  6 yaks (D:9)
  Duvessa (D:7)
  2 water moccasins
  3 sky beasts
  An orc warrior (D:7)
  An ogre (D:6)
  A black bear (D:6)
  A centaur (D:9)
  2 phantoms
  2 kobold brigands
  5 bullfrogs
  6 scorpions
  6 wights
  Dowan (D:7)
  10 killer bees (D:9)
  2 howler monkeys
  A jelly (D:7)
  3 hounds
  5 orc priests
  3 bombardier beetles
  Crazy Yiuf (D:6)
  4 iguanas
  7 orc wizards
  5 sleepcaps
  5 gnolls (D:10)
  9 adders
  A shadow imp (D:7)
  4 dart slugs
  A ribbon worm (D:5)
  32 orcs
  13 bats
  15 endoplasms
  5 giant cockroaches
  14 goblins
  6 hobgoblins
  18 kobolds
  4 quokkas
  6 ball pythons
  6 frilled lizards
  6 rats
234 creatures vanquished.

Vanquished Creatures (others)
  17 fulminant prisms
17 creatures vanquished.

Grand Total: 251 creatures vanquished

Notes
Turn   | Place    | Note
-------+----------+-------------------------------------------
     0 | D:1      | Essalna the Draconian Conjurer began the quest for the Orb.
     0 | D:1      | Reached XP level 1. HP: 14/14 MP: 3/3
   225 | D:1      | Reached XP level 2. HP: 20/20 MP: 1/5
   372 | D:1      | You fall into a shaft and drop 1 floor!
   623 | D:2      | Found a faded altar of an unknown god.
   961 | D:1      | Reached XP level 3. HP: 26/26 MP: 2/7
  1670 | D:1      | Learned a level 2 spell: Searing Ray
  2666 | D:3      | Reached XP level 4. HP: 33/33 MP: 5/8
  2692 | D:3      | Found an ancient bone altar of Kikubaaqudgha.
  2789 | D:3      | Reached skill level 5 in Conjurations
  3471 | D:3      | Noticed Sigmund
  3504 | D:3      | Killed Sigmund
  3505 | D:3      | Reached XP level 5. HP: 33/38 MP: 0/11
  3687 | D:3      | Reached XP level 6. HP: 45/45 MP: 7/12
  4295 | D:4      | Your scales start taking on a dull iron-grey colour.
  4295 | D:4      | Reached XP level 7. HP: 50/50 MP: 4/13
  4300 | D:4      | Learned a level 4 spell: Fulminant Prism
  4998 | D:5      | Entered Level 5 of the Dungeon
  5014 | D:5      | Reached skill level 1 in Fighting
  5318 | D:5      | Reached skill level 1 in Alchemy
  5595 | D:5      | Reached skill level 2 in Fighting
  5624 | D:5      | Noticed Grinder
  5633 | D:5      | Paralysed by Grinder for 4 turns
  5643 | D:5      | Killed Grinder
  5644 | D:5      | Reached skill level 3 in Fighting
  5652 | D:5      | Reached XP level 8. HP: 11/66 MP: 11/14
  5956 | D:5      | Reached skill level 4 in Fighting
  6543 | D:5      | Reached skill level 5 in Fighting
  6860 | D:6      | Found a staircase to the Ecumenical Temple.
  6869 | Temple   | Entered the Ecumenical Temple
  6944 | D:6      | Reached skill level 5 in Alchemy
  7040 | D:6      | Reached skill level 6 in Fighting
  7320 | D:6      | Noticed a two-headed ogre
  7331 | D:6      | Killed a two-headed ogre
  7332 | D:6      | Reached skill level 7 in Fighting
  7332 | D:6      | Reached XP level 9. HP: 35/79 MP: 0/15
  8000 | D:6      | Found a white marble altar of Elyvilon.
  8059 | D:6      | Found a runed translucent door.
  8060 | D:6      | Noticed Crazy Yiuf
  8066 | D:6      | Killed Crazy Yiuf
  8141 | D:6      | Found a basalt altar of Yredelemnul.
  8142 | D:6      | Noticed Jeremiah
  8152 | D:6      | Killed Jeremiah
  8153 | D:6      | Reached skill level 8 in Fighting
  8473 | D:7      | Noticed Prince Ribbit
  8484 | D:7      | Killed Prince Ribbit
  8773 | D:7      | Noticed Duvessa
  8897 | D:7      | Noticed Joseph
  9050 | D:7      | Noticed Dowan
  9056 | D:7      | Killed Duvessa
  9058 | D:7      | Killed Dowan
  9059 | D:7      | Reached skill level 9 in Fighting
  9369 | D:7      | Noticed a two-headed ogre
  9672 | D:7      | Reached XP level 10. HP: 43/91 MP: 7/16
  9944 | D:7      | Killed Joseph
 10174 | D:7      | Killed a two-headed ogre
 10177 | D:7      | Reached skill level 10 in Fighting
 10373 | D:8      | Noticed a two-headed ogre
 10379 | D:8      | Found a shimmering altar of Xom.
 10388 | D:8      | Killed a two-headed ogre
 10767 | D:8      | Identified the +9 war axe of the Globe {drain, ^Contam
                  | rF+++ rCorr Str+2}
 11009 | D:8      | Found a broken altar of Ashenzari.
 11087 | D:8      | Found a shimmering altar of Xom.
 11087 | D:8      | Found a shimmering altar of Xom.
 11087 | D:8      | Found a shimmering altar of Xom.
 11087 | D:8      | Found a shimmering altar of Xom.
 11087 | D:8      | Found a shimmering altar of Xom.
 11392 | D:9      | Found a burning altar of Makhleb.
 11396 | D:9      | Found a radiant altar of Vehumet.
 11398 | D:9      | Found a snail-covered altar of Cheibriados.
 11402 | D:9      | Found a sacrificial altar of Ru.
 11425 | D:9      | Reached skill level 11 in Fighting
 11490 | D:9      | Became a worshipper of Vehumet
 11963 | D:9      | Reached skill level 10 in Conjurations
 11963 | D:9      | Reached XP level 11. HP: 81/102 MP: 9/17
 11975 | D:9      | Noticed a centaur warrior
 11990 | D:10     | Entered Level 10 of the Dungeon
 12158 | D:10     | Noticed a two-headed ogre
 12169 | D:10     | HP: 3/103 [two-headed ogre/+0 giant club (15)]
 12172 | D:10     | Slain by a two-headed ogre

Illustrated notes

Levels and vault maps discovered:
D:1:      dpeg_arrival_short_road, layout_loops_ring, serial_park_tiny_pond
D:2:      layout_basic, ebering_ecumenical_altar_abandoned
D:3:      layout_loops_ring, amcnicky_altar_gilded, uniq_sigmund
D:4:      layout_basic, kennysheep_crisscross
D:5:      old_forge, layout_cave_pools, nrook_campfire, bh_walls_and_bars,
          uniq_grinder
D:6:      layout_basic, kennysheep_ying_yang, minmay_temple_entry_mini_moons,
          kennysheep_nondescript, minivault_5, roderic_serpentine_path,
          uniq_crazy_yiuf_cottage, uniq_jeremiah
D:7:      layout_rooms, uniq_duvessa, uniq_prince_ribbit1, uniq_joseph
D:8:      layout_cave_pools, nicolae_ashenzari_panopticon, xom_shifter_show
D:9:      regret_index_early_branch_jog, layout_basic,
          riverfiend_overflow_shadow_ancestor,
          nicolae_overflow_macrodata_refinement, minmay_misc_feat_iff,
          wad_floor_pattern_untrapped
D:10:     layout_layer_cave
Temple:   minmay_temple_curvy_loop

Skill      XL: |  1  2  3  4  5  6  7  8  9 10 |
---------------+-------------------------------+-----
Spellcasting   | 3 4 |  4.0
Conjurations   | 6 7 8 10 | 10.1
Fighting       | 3 7 9 11 | 11.6
Alchemy        | 3 6 8 9 |  9.0
Dodging        | |  1.7
Stealth        | |  1.7

Action                     |  1- 3 |  4- 6 |  7- 9 | 10-12 || total
---------------------------+-------+-------+-------+-------++-------
  Melee: Dagger            |       |    11 |     9 |       ||    20
         Tailslap          |       |       |     3 |     6 ||     9
         Short sword       |       |       |       |    24 ||    24
         War axe           |       |       |       |    22 ||    22
   Cast: Magic Dart        |   112 |    49 |   150 |    38 ||   349
         Searing Ray       |       |    12 |    60 |    27 ||    99
         Fulminant Prism   |       |       |     5 |    12 ||    17
  Evoke: Wand              |       |       |     2 |     3 ||     5
    Use: Scroll            |       |       |     6 |     3 ||     9
         Potion            |       |       |     3 |       ||     3
 Armour: Skin              |     4 |    21 |   111 |   129 ||   265
  Dodge: Dodged            |     6 |    20 |   101 |    83 ||   210

Table legend: (Time is in decaauts)
 A = Elapsed time spent in this place.
 B = Non-inter-level travel time spent in this place.
 C = Inter-level travel time spent in this place.
 D = Time resting spent in this place.
 E = Time spent auto-exploring this place.
 F = Levels seen in this place.
 G = Mean time per level.
                   A        B        C        D        E       F      G
               +--------+--------+--------+--------+--------+-----+--------+
         Total |  12194 |  11749 |    445 |    970 |   9248 |  11 | 1108.5 |
       Dungeon |  12192 |  11747 |    445 |    970 |   9248 |  10 | 1219.2 |
        Temple |      1 |      1 |      0 |      0 |      0 |   1 |    1.0 |
               +--------+--------+--------+--------+--------+-----+--------+

Top non-repeatable levels by time:
     D:6: 2441 daAuts
     D:5: 1672 daAuts
     D:7: 1416 daAuts
     D:1: 1373 daAuts
     D:3: 1314 daAuts
     D:2: 1194 daAuts
     D:4: 1115 daAuts
     D:8: 1050 daAuts
     D:9: 421 daAuts
    D:10: 192 daAuts
  Temple: 1 daAuts
